 Dungeon Crawl Stone Soup version 0.29.1-15-g9cfb28693d (webtiles) character file.

Game seed: 5911061518271882784

60 Silvore the Trooper (level 3, -5/29 HPs)
             Began as a Demonspawn Monk on Apr 30, 2023.
             Slain by an ice beast (12 damage)
             ... on level 3 of the Dungeon.
             The game lasted 00:03:25 (2672 turns).

Silvore the Trooper (Demonspawn Monk)               Turns: 2672, Time: 00:03:26

Health: -5/29      AC:  3    Str:  8 (11) XL:     3   Next: 80%
Magic:  3/3        EV: 15    Int: 11      God:
Gold:   109        SH:  0    Dex: 19 (23) Spells: 2/2 levels left

rFire   . . .      SeeInvis .   a - +0 hand axe
rCold   . . .      Faith    .   (no shield)
rNeg    . . .      Spirit   .   b - +1 robe
rPois   .          Reflect  .   (no helmet)
rElec   .          Harm     .   (no cloak)
rCorr   .          Rampage  .   (no gloves)
Will    .....                   (no boots)
Stlth   ++........              (no amulet)
HPRegen 0.09/turn               i - +6 ring of dexterity
MPRegen 0.08/turn               (no ring)

@: very slow
A: hooves 1, repulsion field 1
a: no special abilities


You were on level 3 of the Dungeon.
You visited 1 branch of the dungeon, and saw 3 of its levels.

You collected 109 gold pieces.

Inventory:

Hand Weapons
 a - a +0 hand axe (weapon)
Armour
 b - a +1 robe (worn)
Jewellery
 i - a +6 ring of dexterity (left hand)
Scrolls
 e - 2 scrolls of identify
 h - a scroll of magic mapping
Potions
 c - 2 potions of ambrosia
 d - a potion of lignification {unknown}
 f - 3 potions of heal wounds
 g - a potion of curing {unknown}


   Skills:
 + Level 3.6 Fighting
 + Level 3.2 Axes
 + Level 3.1 Dodging
 + Level 2.2 Stealth


You had 2 spell levels left.
You didn't know any spells.
Your spell library contained the following spells:

 Spells                   Type           Power      Damage    Failure   Level
 Ozocubu's Armour         Ice            0%         N/A       71%         3
 Metabolic Englaciation   Hex/Ice        0%         N/A       100%        5
 Simulacrum               Ice/Necr       0%         N/A       100%        6


Dungeon Overview and Level Annotations

Branches:
Dungeon (3/15)

Altars:
Cheibriados


Innate Abilities, Weirdness & Mutations

You have large cloven feet.
You are surrounded by a mild repulsion field. (EV +2)


Message History

The ice beast hits you but does no damage.
You hit the ice beast.
You kick the ice beast, but do no damage.
The ice beast is heavily wounded.
The ice beast barely misses you.
You barely miss the ice beast. You kick the ice beast.
The ice beast is heavily wounded.
The ice beast barely misses you.
You hit the ice beast but do no damage.
The ice beast is heavily wounded.
The ice beast completely misses you.
You hit the ice beast.
You kick the ice beast, but do no damage.
The ice beast is heavily wounded.
The ice beast barely misses you.
You barely miss the ice beast. Your kick misses the ice beast.
The ice beast is heavily wounded.
The ice beast misses you.
You hit the ice beast but do no damage. You kick the ice beast.
The ice beast is heavily wounded.
The ice beast barely misses you. The ice beast hits you.
The ice beast freezes you!
* * * LOW HITPOINT WARNING * * *
You hit the ice beast but do no damage.
The ice beast is heavily wounded.
The ice beast closely misses you.
You closely miss the ice beast.
You kick the ice beast, but do no damage.
The ice beast is heavily wounded.
The ice beast hits you but does no damage.
You hit the ice beast.
You kick the ice beast, but do no damage.
The ice beast is severely wounded.
The ice beast closely misses you.
You hit the ice beast.
The ice beast is almost dead.
The ice beast hits you.
* * * LOW HITPOINT WARNING * * *
The ice beast freezes you!
You die...

#.#..## .#####
#.#...#########
..<..###.#.#..##.....#
##.........##........#
#.#..##...##..#.....#
............#.###....#
..###..#........##.#....#
..
..#...######....###...#
.###...... #.@......... #
...#....# #.Y.....#### .#
.#...# #.......# ## ....
.......... ##......####
#......# .......#
######..


You could see an ice beast.

Vanquished Creatures
  A worm (D:2)
  4 dart slugs (D:1)
  4 endoplasms
  4 giant cockroaches
  3 goblins
  3 hobgoblins
  2 kobolds (D:1)
  A quokka (D:1)
  9 ball pythons
  5 bats
  4 frilled lizards
  7 rats
47 creatures vanquished.

Vanquished Creatures (others)
  8 plants (D:1)
  11 withered plants (D:1)
19 creatures vanquished.

Grand Total: 66 creatures vanquished

Notes
Turn   | Place    | Note
-------+----------+-------------------------------------------
     0 | D:1      | Silvore the Demonspawn Monk began the quest for the Orb.
     0 | D:1      | Reached XP level 1. HP: 18/18 MP: 1/1
   155 | D:1      | Gained mutation: You have large cloven feet. [demonic
                  | ancestry]
   155 | D:1      | Reached XP level 2. HP: 12/24 MP: 2/2
   401 | D:1      | Found a faded altar of an unknown god.
   556 | D:1      | Prayed at the altar of an unknown god.
   556 | D:1      | Became a worshipper of Cheibriados the Contemplative
   556 | D:1      | Reached * piety under Cheibriados
   556 | D:1      | Reached ** piety under Cheibriados
   558 | D:1      | Fell from the grace of Cheibriados
   774 | D:1      | Gained mutation: You are surrounded by a mild repulsion
                  | field. (EV +2) [demonic ancestry]
   774 | D:1      | Reached XP level 3. HP: 2/29 MP: 3/3
  2654 | D:3      | Noticed an ice beast
  2672 | D:3      | Slain by an ice beast

Illustrated notes

Levels and vault maps discovered:
D:1:      dpeg_arrival_erosion, layout_loops_ring,
          shapermc_ecumenical_altar_flowoftime, minmay_tromino_mix6
D:2:      layout_basic
D:3:      layout_rooms, xom_redecorated, mainiacjoe_overflow_boulevard,
          uniq_ijyb

Skill      XL: |  1  2 |
---------------+-------+-----
Stealth        | 2 |  2.2
Axes           | 3 |  3.2
Dodging        | 3 |  3.1
Fighting       | |  3.6

Action                   || total
-------------------------++-------
Melee: Hand axe          ||   139
       Kick              ||    41
Invok: Renounce Religion ||     1
  Use: Scroll            ||     7
 Stab: Sleeping          ||     8
Armor: Robe              ||    26
Dodge: Dodged            ||   122
